Map: Dusk Towers

Players

Fropez - Winner!

  • Race: Protoss Protoss
  • League: Silver
  • Spawn Location: 7:00

DarKsTAr

  • Race: Terran Terran
  • League: Silver
  • Spawn Location: 1:00

VOD

Have the link to the VOD?

Description

Time

  • Played on: April 11, 2016, 3:40 p.m.
  • Length: 20:09
Show
View Real Time Build Order
Export as new Build Order

Fropez Protoss - Winner!

Build Orders: 1 Gate Expand 

Get SALT Encoding   

  12  0:12  Pylon  
  12  0:23  Probe (Chrono Boost)  
  13  0:31  Gateway  
  13  0:38  Pylon  
  13  0:41  Probe (Chrono Boost)  
  14  0:52  Probe (Chrono Boost)  
  15  1:03  Probe (Chrono Boost)  
  15  1:13  Probe (Chrono Boost)  
  16  1:19  Zealot  
  18  1:37  Nexus  
  19  1:40  Probe (Chrono Boost)  
  19  1:56  Cybernetics Core  
  19  2:06  Pylon  
  19  2:11  Probe (Chrono Boost)  
  19  2:12  Assimilator  
  20  2:18  Assimilator  
  20  2:27  Probe (Chrono Boost)  
  21  2:39  Probe (Chrono Boost)  
  22  2:44  Zealot  
  22  2:49  Probe (Chrono Boost), Warp Gate (Chrono Boost)  
  25  2:51  Probe (Chrono Boost)  
  26  3:00  Probe (Chrono Boost)  
  26  3:02  Probe (Chrono Boost)  
  26  3:03  Pylon  
  28  3:08  Pylon  
  30  3:13  Probe (Chrono Boost)  
  30  3:19  Mothership Core (Chrono Boost)  
  31  3:23  Probe (Chrono Boost)  
  32  3:34  Probe (Chrono Boost)  
  33  3:37  Probe (Chrono Boost)  
  34  3:41  Assimilator  
  34  3:44  Probe (Chrono Boost)  
  34  3:45  Assimilator  
  34  3:48  Probe (Chrono Boost)  
  36  3:52  Pylon  
  36  3:54  Probe (Chrono Boost)  
  37  3:58  Pylon, Probe (Chrono Boost)  
  38  4:03  Probe  
  38  4:04  Stalker  
  38  4:09  Probe  
  42  4:14  Gateway  
  42  4:15  Probe  
  41  4:22  Probe  
  41  4:23  Gateway  
  42  4:31  Probe  
  42  4:36  Probe  
  44  4:40  Gateway  
  44  4:43  Probe  
  46  4:52  Probe  
  46  4:54  Gateway  
  46  4:56  Probe  
  47  5:02  Forge, Stalker  
  49  5:19  Probe x2  
  51  5:29  Probe  
  51  5:31  Probe  
  53  5:41  Protoss Ground Weapons Level 1  
  53  5:45  Stalker x2  
  53  5:46  Stalker  
  59  5:54  Probe x2, Robotics Facility  
  61  6:03  Forge  
  61  6:04  Probe  
  61  6:06  Probe  
  63  6:15  Probe  
  63  6:16  Zealot x2  
  63  6:17  Zealot  
  64  6:35  Probe x2  
  64  6:38  Stalker  
  64  6:39  Stalker x2  
  72  6:41  Stalker x2  
  72  6:44  Pylon  
  72  6:45  Probe  
  77  6:48  Probe  
  76  6:56  Observer  
  76  6:57  Pylon  
  77  7:01  Probe  
  77  7:06  Nexus  
  78  7:10  Assimilator  
  78  7:14  Assimilator  
  78  7:16  Probe  
  78  7:17  Pylon  
  78  7:18  Probe  
  78  7:19  Pylon  
  78  7:22  Zealot  
  79  7:24  Pylon x2, Zealot  
  81  7:31  Probe  
  81  7:32  Probe  
  81  7:34  Observer  
  84  7:42  Probe  
  85  7:48  Probe  
  86  7:51  Stalker x3  
  86  7:52  Stalker x2  
  86  7:56  Protoss Ground Armor Level 1  
  96  8:02  Twilight Council  
  96  8:05  Pylon  
  96  8:12  Photon Cannon  
  96  8:15  Photon Cannon  
  96  8:25  Probe  
  96  8:26  Probe  
  97  8:29  Observer  
  97  8:31  Pylon  
  97  8:33  Stalker x2  
  103  8:35  Stalker  
  105  8:53  Probe  
  105  8:54  Probe  
  107  8:57  Photon Cannon  
  107  9:08  Probe  
  103  9:18  Nexus, Assimilator  
  103  9:20  Stalker x2  
  103  9:21  Stalker  
  103  9:22  Pylon, Assimilator  
  106  9:25  Pylon  
  104  10:25  Stalker x3  
  104  10:26  Stalker x2  
  114  10:31  Blink (Chrono Boost)  
  114  10:43  Gateway  
  114  10:44  Assimilator, Gateway  
  114  10:46  Nexus  
  114  10:47  Gateway, Protoss Ground Weapons Level 2 (Chrono Boost)  
  114  10:49  Assimilator  
  114  10:50  Protoss Ground Armor Level 2 (Chrono Boost)  
  114  10:52  Pylon  
  114  10:53  Pylon  
  114  10:56  Probe  
  115  10:58  Pylon  
  115  11:01  Probe  
  116  11:04  Probe  
  97  11:30  Probe  
  97  11:31  Probe  
  97  11:32  Probe  
  96  11:43  Stalker x2  
  96  11:44  Stalker x3  
  102  11:51  Warp Prism  
  104  12:00  Zealot x3  
  110  12:08  Probe x2  
  110  12:10  Probe x2  
  110  12:11  Probe  
  115  12:21  Probe  
  115  12:22  Probe  
  115  12:23  Probe  
  115  12:24  Probe  
  115  12:26  Warp Prism, Zealot x5  
  115  12:27  Zealot x3  
  137  12:49  Pylon  
  137  12:59  Robotics Bay  
  137  13:01  Robotics Facility  
  137  13:03  Robotics Facility  
  137  13:05  Pylon  
  137  13:07  Pylon x2  
  137  13:12  Gateway  
  137  13:14  Pylon  
  137  13:18  Probe x2  
  137  13:19  Pylon, Probe  
  140  13:20  Probe x2  
  140  13:25  Pylon  
  142  13:27  Gateway  
  142  13:28  Probe x2  
  142  13:30  Warp Prism (Chrono Boost), Protoss Ground Armor Level 3 (Chrono Boost)  
  142  13:31  Probe  
  142  13:32  Probe  
  148  13:34  Pylon  
  148  13:37  Charge  
  148  13:45  Extended Thermal Lance (Chrono Boost)  
  148  13:46  Protoss Ground Weapons Level 3  
  146  13:53  Colossus (Chrono Boost)  
  146  13:54  Colossus (Chrono Boost)  
  158  14:01  Zealot x3  
  158  14:02  Zealot x3  
  170  14:20  Probe  
  171  14:36  Stargate, Zealot x4  
  171  14:37  Zealot x6  
  188  14:38  Stargate  
  188  14:41  Stargate, Colossus (Chrono Boost)  
  188  14:42  Colossus (Chrono Boost)  
  182  15:32  Nexus  
  182  15:34  Assimilator  
  182  15:40  Assimilator  
  182  15:42  Pylon, Zealot x3  
  186  15:43  Zealot x4  
  186  15:44  Pylon, Zealot x2  
  200  15:50  Protoss Shields Level 1  
  196  16:00  Stalker  
  184  16:16  Colossus (Chrono Boost)  
  184  16:17  Stalker x2  
  184  16:18  Stalker x3  
  200  16:38  Fleet Beacon  
  199  16:41  Cybernetics Core  
  199  16:43  Cybernetics Core  
  199  16:45  Pylon  
  199  16:46  Pylon  
  198  16:48  Pylon  
  198  16:49  Pylon  
  198  16:50  Stalker  
  198  16:51  Pylon  
  200  17:03  Dark Shrine  
  198  17:18  Protoss Air Weapons Level 1  
  198  17:24  Protoss Air Armor Level 1  
  198  17:25  Graviton Catapult  
  198  18:25  Zealot x2  
  198  18:26  Zealot  
  200  18:27  Zealot x2  
  200  18:28  Zealot x3  
  200  18:29  Zealot x2  
  162  19:02  Observer Gravitic Boosters  
  162  19:07  Zealot x4  
  162  19:08  Zealot x6  
  182  19:25  Nexus  
  182  19:27  Pylon, Assimilator  
  182  19:28  Pylon  
  182  19:29  Assimilator  
  180  19:57  Dark Templar x4  
  180  19:58  Dark Templar x6  
Show
View Real Time Build Order
Export as new Build Order

DarKsTAr Terran 

Build Orders: Command Center First (CC) 

Get SALT Encoding   

  12  0:01  SCV  
  13  0:14  SCV  
  14  0:27  SCV, Supply Depot  
  15  0:58  Command Center  
  15  1:19  SCV  
  15  1:23  Refinery  
  16  1:29  Barracks  
  17  1:39  Barracks  
  16  1:45  Engineering Bay  
  16  1:46  SCV  
  17  1:59  SCV  
  18  2:11  SCV  
  19  2:19  Marine  
  19  2:21  Refinery  
  20  2:25  Orbital Command  
  20  2:30  Barracks Tech Lab  
  20  2:40  Marine  
  21  2:54  Factory  
  21  2:57  Marauder  
  23  3:02  SCV  
  24  3:10  Barracks Reactor  
  24  3:18  SCV  
  25  3:21  Combat Shields  
  25  3:26  Refinery  
  25  3:29  Refinery  
  25  3:34  Orbital Command  
  25  3:40  Factory Tech Lab  
  25  3:45  SCV  
  26  3:49  Marine x2  
  28  4:00  Starport  
  28  4:01  Marauder  
  30  4:15  Marine  
  30  4:16  Marine  
  31  4:22  Marauder  
  33  4:27  Widow Mine  
  35  4:32  SCV, Supply Depot  
  35  4:38  Terran Infantry Weapons Level 1  
  36  4:46  Medivac  
  36  4:52  Concussive Shells  
  38  4:53  Marine  
  39  5:02  Supply Depot  
  39  5:08  Widow Mine  
  41  5:19  Marine  
  41  5:20  Marine  
  43  5:22  Barracks  
  43  5:44  Starport Reactor  
  43  5:49  Marine  
  43  5:50  Marine, Marauder  
  43  5:56  Factory Reactor  
  47  6:07  Marine  
  47  6:08  Marine  
  49  6:11  Marauder  
  43  6:33  Marauder  
  43  6:37  Medivac  
  43  6:38  Medivac  
  49  6:44  Starport  
  49  6:48  Armory  
  49  6:51  Supply Depot  
  49  6:53  SCV  
  50  6:54  Marauder  
  50  6:57  SCV  
  55  7:16  Marauder  
  55  7:18  Widow Mine  
  55  7:21  Marine x2, Marauder  
  61  7:25  Stimpack  
  61  7:37  Marauder  
  61  7:39  Marine  
  62  8:01  Command Center  
  62  8:11  Supply Depot  
  62  8:19  Marine x3  
  67  8:20  Marauder  
  67  8:21  Supply Depot  
  67  8:37  Marine x2  
  67  8:38  Marauder  
  67  8:40  Terran Infantry Armor Level 1  
  73  8:41  Marauder  
  73  8:55  Marine x2  
  75  8:59  Marauder  
  75  9:01  Factory  
  79  9:02  Marauder  
  79  9:20  Marauder  
  83  9:24  Marauder  
  83  9:31  Orbital Command  
  73  9:34  SCV  
  73  9:35  SCV  
  75  9:46  SCV  
  75  9:47  SCV  
  75  9:50  Factory Tech Lab  
  77  9:53  Hellbat x2  
  77  9:55  Marine x2  
  77  9:56  Marauder x2  
  77  9:58  SCV  
  77  9:59  SCV  
  89  10:05  Supply Depot  
  89  10:07  Terran Vehicle Weapons Level 1  
  89  10:09  Liberator  
  89  10:11  SCV x2  
  89  10:13  Marine  
  92  10:15  Marine, Hellbat  
  93  10:23  SCV x2, Medivac  
  98  10:32  Siege Tank  
  98  10:35  SCV x2  
  103  10:38  Terran Infantry Weapons Level 2  
  103  10:47  SCV x2  
  105  10:52  Refinery  
  105  10:54  Starport Reactor  
  105  10:58  Medivac  
  105  10:59  SCV x2  
  109  11:10  Liberator  
  108  11:19  Medivac  
  108  11:20  Starport  
  100  11:27  Marine x3, Marauder  
  107  11:45  Marine x2  
  109  12:10  Supply Depot  
  109  12:13  Supply Depot  
  109  12:18  Marine x2  
  109  12:19  Marauder x2  
  109  12:22  Liberator  
  115  12:23  Terran Vehicle And Ship Armor Level 1  
  115  12:32  Engineering Bay  
  115  12:35  Refinery  
  115  12:36  Marine x2  
  117  12:40  Marauder x2  
  124  12:54  Marine x2  
  126  12:58  Liberator  
  126  13:01  Marauder x2  
  130  13:07  Barracks  
  130  13:11  Marine x2  
  132  13:16  Medivac  
  137  13:23  Marauder x2  
  137  13:24  Starport Tech Lab  
  141  14:04  Supply Depot  
  141  14:08  Supply Depot, Liberator  
  141  14:25  SCV, Marauder, Medivac  
  141  14:30  Marine, SCV, Supply Depot, Marauder  
  141  14:31  Supply Depot  
  153  14:52  Marauder  
  155  14:58  Marine x2  
  155  14:59  Marauder  
  146  15:13  Marauder  
  148  15:16  Marine x2  
  148  15:19  Siege Tank  
  148  15:20  Marauder, Banshee  
  158  15:25  Cloaking Field  
  158  15:33  Medivac  
  158  15:34  Marine, Marauder  
  161  15:51  Siege Tank  
  160  16:03  Banshee  
  163  16:23  Siege Tank  
  166  16:30  Supply Depot  
  166  16:33  Marine x3, Supply Depot  
  166  16:34  Marauder  
  171  16:51  Marine x2, Banshee  
  171  16:52  Marauder  
  171  16:53  Supply Depot  
  178  16:55  Marine  
  179  17:09  Marine  
  180  17:28  Marine x2  
  180  17:29  Marauder x2  
  186  17:34  Banshee  
  189  17:46  Marine x2  
  189  17:50  Marauder  
  190  17:53  Viking x4  
  175  18:13  Supply Depot  
  175  18:19  Supply Depot  
  175  18:23  Viking  
  172  18:32  Missile Turret  
  161  18:36  Viking x3  
  161  18:37  Supply Depot  
  167  18:53  Viking  
  167  18:54  Viking  
  171  19:06  Viking  
  171  19:08  Marine  
  171  19:09  Marine, Marauder x2  
  179  19:13  Viking  
  181  19:30  Marauder  
Tags
 
Add a new tag
Caveats
  • Supply blocks, unpowered buildings, or Contaminate may cause inaccurate times.
  • Supply counts are checked every 10 seconds.